 Dungeon Crawl Stone Soup version 0.27-a0-1051-g288ea87c7c (webtiles) character file.

Game seed: 5106471834314749370

58 robertstho the Skirmisher (level 4, -15/29 HPs)
             Began as a Gargoyle Fighter on Apr 20, 2021.
             Demolished by an ogre
             ... wielding a +0 giant club
              (25 damage)
             ... on level 3 of the Dungeon.
             The game lasted 00:02:16 (2173 turns).

robertstho the Skirmisher (Gargoyle Fighter)        Turns: 2173, Time: 00:02:16

Health: -15/29     AC: 10    Str: 18 (21) XL:     4   Next: 2%
Magic:  13/13      EV:  7    Int:  6 (8)  God:
Gold:   76         SH:  8    Dex:  7 (9)  Spells: 3/3 levels left

rFire    . . .     SeeInvis .   a - +0 flail
rCold    . . .     Faith    .   c - +0 kite shield
rNeg     + . .     Spirit   .   b - +0 scale mail
rPois    ∞         Reflect  .   (no helmet)
rElec    +         Harm     .   (no cloak)
rCorr    .         Rampage  .   (no gloves)
Will     .....                  (no boots)
Stlth    ..........             (no amulet)
HPRegen  0.09/turn              f - ring of magical power
MPRegen  0.13/turn              (no ring)

@: no status effects
A: AC +3, negative energy resistance 1, electricity resistance, torment
resistance 1, unbreathing 1, petrification resistance
a: no special abilities


You were on level 3 of the Dungeon.
You visited 1 branch of the dungeon, and saw 3 of its levels.

You collected 76 gold pieces.

Inventory:

Hand Weapons
 a - a +0 flail (weapon)
Armour
 b - a +0 scale mail (worn)
 c - a +0 kite shield (worn)
Jewellery
 f - a ring of magical power (left hand)
Wands
 k - a wand of flame (23)
Scrolls
 g - a scroll of noise {unknown}
 j - 2 scrolls of amnesia {unknown}
 m - a scroll of teleportation {unknown}
Potions
 d - a potion of might
 e - a potion of curing {unknown}
 h - a potion of degeneration
 l - a potion of haste {unknown}


   Skills:
 * Level 4.0 Fighting
 + Level 2.6 Maces & Flails
 * Level 3.8 Armour
 + Level 0.2 Dodging
 + Level 3.7 Shields


You had 3 spell levels left.
You didn't know any spells.
Your spell library was empty.

Dungeon Overview and Level Annotations

Branches:
Dungeon (3/15)

Altars:


Innate Abilities, Weirdness & Mutations

Your stone body is resilient. (AC +3)
You are immune to poison.
You resist negative energy. (rN+)
You are resistant to electric shocks. (rElec)
You are resistant to unholy torment.
You can survive without breathing.
You are immune to petrification.


Message History

You drop 5 atropa-tipped darts.
The orc hits you with a +0 dagger.
You stop dropping stuff.
You feel your magic capacity increase.
f - a ring of magical power (left hand)
You closely miss the orc. The orc hits you but does no damage.
The orc hits you with a +0 dagger.
You sock the orc!
You kill the orc!
You have reached level 4!
You feel stronger.
HP restored.
Magic restored.
Found a stone staircase leading up.
There is a stone staircase leading up here.
You open the door.
There is an open door here.
You open the door.
An ogre comes into view. It is wielding a +0 giant club.
The ogre shouts!
An ogre is nearby!
An ogre is nearby!
An ogre is nearby!
The ogre hits you but does no damage.
There is an open door here.
You sock the ogre!
The ogre is moderately wounded.
You block the ogre's attack.
You thump the ogre!
The ogre is heavily wounded.
The ogre hits you with a +0 giant club!!
Ouch! That really hurt!
You are too injured to fight recklessly!
You are too injured to fight recklessly!
You are too injured to fight recklessly!
It was a potion of degeneration.
There was something very wrong with that liquid.
You feel weakened.
You feel dopey.
You feel clumsy.
The ogre hits you with a +0 giant club!!
Ouch! That really hurt!
You die...

#.# ######.## #.#
#.......# #.#
#.......# ..#
#.......# ####.#
#....)<.# #..#.#
#.......# + +.O#.#
#.......#
####.##@#.#
#.......#
..........#
####.####
####.##'#.# #.# #
#..#.# #.#
+..#.#########.#
#.####.#..<......#
..........#########
###########


You could see an ogre.

Vanquished Creatures
  2 adders (D:2)
  A dart slug (D:2)
  An orc (D:3)
  10 bats
  2 endoplasms (D:1)
  A giant cockroach (D:2)
  5 goblins
  4 hobgoblins
  4 ball pythons
  A frilled lizard (D:2)
  A kobold (D:2)
  3 rats (D:2)
35 creatures vanquished.

Vanquished Creatures (others)
  5 plants (D:1)
5 creatures vanquished.

Grand Total: 40 creatures vanquished

Notes
Turn   | Place    | Note
-------+----------+-------------------------------------------
     0 | D:1      | robertstho the Gargoyle Fighter began the quest for the
                  | Orb.
     0 | D:1      | Reached XP level 1. HP: 14/14 MP: 1/1
    72 | D:1      | Reached XP level 2. HP: 8/19 MP: 2/2
   658 | D:1      | Found a faded altar of an unknown god.
  1433 | D:2      | Reached XP level 3. HP: 24/24 MP: 3/3
  1765 | D:2      | Reached skill level 4 in Fighting
  2068 | D:3      | Reached XP level 4. HP: 23/29 MP: 3/4
  2169 | D:3      | Noticed an ogre
  2173 | D:3      | Demolished by an ogre

Illustrated notes

Levels and vault maps discovered:
D:1:      amcnicky_arrival_abandoned_market, layout_basic, serial_bayou,
          serial_bayou_pond_b, serial_bayou_ford_a, serial_bayou_pond_c,
          serial_bayou_crossing, basic_ecumenical_altar, minivault_27
D:2:      minmay_spotlight, layout_rooms
D:3:      minmay_door_path, layout_loops_ring, uniq_ijyb

Skill      XL: |  1  2  3 |
---------------+----------+-----
Fighting       | 4 |  4.0
Maces & Flails | |  2.6
Armour         | |  3.8
Dodging        | |  0.2
Shields        | |  3.7

Action                   |  1- 3 |  4- 6 || total
-------------------------+-------+-------++-------
Melee: Flail             |   122 |     2 ||   124
  Use: Potion            |       |     1 ||     1
Armor: Scale mail        |   115 |     1 ||   116
Dodge: Dodged            |    40 |       ||    40
Block: Kite shield       |    71 |     1 ||    72

Table legend: (Time is in decaauts)
 A = Elapsed time spent in this place.
 B = Non-inter-level travel time spent in this place.
 C = Inter-level travel time spent in this place.
 D = Time resting spent in this place.
 E = Time spent auto-exploring this place.
 F = Levels seen in this place.
 G = Mean time per level.
                   A        B        C        D        E       F      G
               +--------+--------+--------+--------+--------+-----+--------+
         Total |   2268 |   2185 |     83 |    121 |   1777 |   3 |  756.0 |
       Dungeon |   2268 |   2185 |     83 |    121 |   1777 |   3 |  756.0 |
               +--------+--------+--------+--------+--------+-----+--------+

Top non-repeatable levels by time:
     D:1: 1476 daAuts
     D:2: 680 daAuts
     D:3: 111 daAuts
